 Dungeon Crawl Stone Soup version 0.27.1-1-g398f81649c (webtiles) character file.

Game seed: 15631936914698653349

1773184 Daunt the Hoplite (level 27, 231/231 HPs)
             Began as a Demonspawn Gladiator on Sept 6, 2021.
             Was the Champion of Makhleb.
             Escaped with the Orb
             ... and 3 runes on Sept 7, 2021!
             The game lasted 07:22:57 (71887 turns).

Daunt the Hoplite (Demonspawn Gladiator)           Turns: 71887, Time: 07:22:57

Health: 231/231    AC: 41    Str: 19    XL:     27
Magic:  35/35      EV: 14    Int: 10    God:    Makhleb [******]
Gold:   3174       SH: 42    Dex: 24    Spells: 26/26 levels left

rFire    + + .     SeeInvis .   a - +7 Singing Sword {vorpal, sonic wave}
rCold    + + +     Faith    .   U - +10 tower shield of Ignorance {rN+ Int-4}
rNeg     + . .     Spirit   +   n - +7 gold dragon scales
rPois    +         Reflect  .   R - +2 hood of the Assassin {Detection Stab+ Stlth++}
rElec    +         Harm     .   e - +2 cloak {rCorr}
rCorr    +         Rampage  .   (gloves unavailable)
Will     +++++     Rnd*Rage +   V - +0 pair of boots
Stlth    ..........             Z - amulet "Nuuris" {rElec rC+ Regen+ Dex+3}
HPRegen  1.48/turn              i - ring "Vojaj" {Drain rC+ Will+++ EV+4 Dex+4, =R}
MPRegen  0.48/turn              s - +4 ring of slaying

@: studying Maces & Flails
A: claws 3, molten scales 3, icemail 2, magic shield, magic regeneration, magic
link, black mark, condensation shield, bedeviling, aura of silence, antennae 1,
large bone plates 1, berserk 1, deformed body, weak 1, no potion heal 2
0: Orb of Zot
}: 3/15 runes: decaying, silver, gossamer
a: Renounce Religion, Minor Destruction, Lesser Servant of Makhleb, Major
Destruction, Greater Servant of Makhleb


You escaped.
You worshipped Makhleb.
Makhleb was exalted by your worship.
You visited 10 branches of the dungeon, and saw 52 of its levels.
You visited 1 bazaar.
You also visited: Ossuary and Ice Cave.

You collected 10150 gold pieces.
You spent 6976 gold pieces at shops.

Inventory:

Hand Weapons
 a - the +7 Singing Sword (weapon) {vorpal, sonic wave}
   (You found it on level 7 of the Dungeon)

   It inflicts extra damage upon your enemies.
   It radiates damaging sonic waves as it strikes, especially in combat
   involving dangerous or numerous foes.
 g - the +8 demon blade "Leech" {vamp, *Rage +Rage rN+}
   (You found it on level 5 of the Vaults)

   It heals its wielder for a portion of the damage dealt every time it strikes
   a living foe.
   rN:        It protects you from negative energy.
   +Rage:     It lets you go berserk.
   *Rage:     It may make you go berserk in combat.
Missiles
 p - 55 boomerangs (quivered)
 B - 4 curare-tipped darts
 C - 4 throwing nets
 D - 6 datura-tipped darts
 F - 7 silver javelins
 L - 13 atropa-tipped darts
 S - 28 javelins
Armour
 e - a +2 cloak of preservation (worn)
 n - +7 gold dragon scales (worn)
 u - a +0 kite shield of protection
 I - a scarf of invisibility
 R - the +2 hood of the Assassin (worn) {Detection Stab+ Stlth++}
   (You bought it in a shop on level 1 of the Orcish Mines)

   It allows the wearer to sense nearby creatures.
   It allows the wearer to make particularly effective stabbing attacks against
   helpless or unaware enemies with any weapon.
   Stlth:     It makes you much more stealthy.
 U - the +10 tower shield of Ignorance (worn) {rN+ Int-4}
   (You found it on level 2 of the Orcish Mines)

   Int:       It affects your intelligence (-4).
   rN:        It protects you from negative energy.
 V - a +0 pair of boots (worn)
Jewellery
 i - the ring "Vojaj" (left claw) {Drain rC+ Will+++ EV+4 Dex+4, =R}
   (You bought it in a shop on level 1 of the Elven Halls)

   [ring of evasion]

   EV:        It affects your evasion (+4).
   Dex:       It affects your dexterity (+4).
   rC:        It protects you from cold.
   Drain:     It drains your maximum health when unequipped.
   Will:      It greatly increases your willpower.
 s - a +4 ring of slaying (right claw)
 w - the ring of Caacausk {EV+4 Int+4 SInv}
   (You found it on level 3 of the Vaults)

   [ring of evasion]

   EV:        It affects your evasion (+4).
   Int:       It affects your intelligence (+4).
   SInv:      It lets you see invisible.
 Z - the amulet "Nuuris" (around neck) {rElec rC+ Regen+ Dex+3}
   (You found it on level 3 of the Depths)

   [amulet of regeneration]

   Dex:       It affects your dexterity (+3).
   rC:        It protects you from cold.
   rElec:     It insulates you from electricity.
   Regen:     It increases your rate of health regeneration.
Wands
 A - a wand of acid (40)
 H - a wand of iceblast (133)
 K - a wand of digging (17)
 O - a wand of polymorph (22)
 W - a wand of mindburst (85)
 Y - a wand of paralysis (53)
Scrolls
 h - 7 scrolls of fog
 m - 4 scrolls of magic mapping
 r - 22 scrolls of teleportation
 x - 2 scrolls of blinking
 E - 2 scrolls of silence
 Q - 13 scrolls of fear
 T - 5 scrolls of summoning
Potions
 b - 5 potions of flight
 c - a potion of cancellation
 d - 5 potions of berserk rage
 o - 4 potions of attraction
 q - 3 potions of invisibility
 t - 2 potions of mutation
 v - 11 potions of heal wounds
 z - 24 potions of curing
 G - 6 potions of haste
 M - 17 potions of ambrosia
 P - 3 potions of might
 X - 2 potions of resistance
Miscellaneous
 f - a tin of tremorstones (2/2)
 k - a lightning rod (4/4)
 l - a phantom mirror
 y - a condenser vane
 J - a box of beasts
 N - a phial of floods


   Skills:
 + Level 22.0 Fighting
 + Level 18.9 Long Blades
 - Level 2.6 Maces & Flails
 - Level 16.0 Throwing
 + Level 17.1 Armour
 + Level 13.6 Dodging
 - Level 11.7 Stealth
 + Level 22.6 Shields
 - Level 9.2 Unarmed Combat
 - Level 16.0 Invocations
 - Level 20.0 Evocations


You had 26 spell levels left.
You didn't know any spells.
Your spell library contained the following spells:

 Spells                   Type           Power      Damage    Failure   Level
 Animate Skeleton         Necr           0%         N/A       100%        1
 Corona                   Hex            0%         N/A       100%        1
 Magic Dart               Conj           0%         1d3       100%        1
 Sting                    Tmut/Pois      0%         1d3       100%        1
 Summon Small Mammal      Summ           0%         N/A       100%        1
 Call Imp                 Summ           0%         N/A       100%        2
 Corpse Rot               Necr/Air       N/A        N/A       100%        2
 Ensorcelled Hibernation  Hex/Ice        0%         N/A       100%        2
 Passwall                 Tmut/Erth      0%         N/A       100%        2
 Poisonous Vapours        Pois/Air       0%         N/A       100%        2
 Searing Ray              Conj           0%         3d3       100%        2
 Static Discharge         Conj/Air       0%         N/A       100%        2
 Sublimation of Blood     Necr           0%         N/A       100%        2
 Call Canine Familiar     Summ           0%         N/A       100%        3
 Conjure Flame            Conj/Fire      0%         6-21      100%        3
 Frozen Ramparts          Ice            0%         1d2       100%        3
 Gell's Gravitas          Tloc           0%         N/A       100%        3
 Ignite Poison            Fire/Tmut/Pois 0%         N/A       100%        3
 Lesser Beckoning         Tloc           0%         N/A       100%        3
 Mephitic Cloud           Conj/Pois/Air  0%         N/A       100%        3
 Ozocubu's Armour         Ice            0%         N/A       100%        3
 Portal Projectile        Hex/Tloc       0%         N/A       100%        3
 Stone Arrow              Conj/Erth      0%         3d7       100%        3
 Summon Guardian Golem    Hex/Summ       0%         N/A       100%        3
 Swiftness                Air            0%         N/A       100%        3
 Teleport Other           Tloc           0%         N/A       100%        3
 Tukima's Dance           Hex            0%         N/A       100%        3
 Vampiric Draining        Necr           0%         2d6       100%        3
 Animate Dead             Necr           0%         N/A       100%        4
 Dispel Undead            Necr           0%         3d6       100%        4
 Fulminant Prism          Conj/Hex       0%         3d6       100%        4
 Hailstorm                Conj/Ice       0%         3d3       100%        4
 Ice Form                 Ice/Tmut       0%         N/A       100%        4
 Leda's Liquefaction      Hex/Erth       0%         N/A       100%        4
 Olgreb's Toxic Radiance  Pois           0%         N/A       100%        4
 Passage of Golubria      Tloc           N/A        N/A       100%        4
 Petrify                  Tmut/Erth      0%         N/A       100%        4
 Sticky Flame             Conj/Fire      0%         2d3       100%        4
 Summon Ice Beast         Ice/Summ       0%         N/A       100%        4
 Summon Lightning Spire   Summ/Air       0%         N/A       100%        4
 Alistair's Intoxication  Tmut/Pois      0%         N/A       100%        5
 Bolt of Magma            Conj/Fire/Erth 0%         4d4       100%        5
 Borgnjor's Vile Clutch   Necr/Erth      0%         N/A       100%        5
 Excruciating Wounds      Necr           0%         N/A       100%        5
 Fireball                 Conj/Fire      0%         3d3       100%        5
 Freezing Cloud           Conj/Ice/Air   0%         6-21      100%        5
 Metabolic Englaciation   Hex/Ice        0%         N/A       100%        5
 Summon Forest            Summ/Tloc      0%         N/A       100%        5
 Yara's Violent Unravell  Hex/Tmut       0%         3d3       100%        5
 Conjure Ball Lightning   Conj/Air       0%         3x3d6     100%        6
 Death Channel            Necr           0%         N/A       100%        6
 Dispersal                Tloc           0%         N/A       100%        6
 Eringya's Noxious Bog    Tmut/Pois      0%         N/A       100%        6
 Invisibility             Hex            0%         N/A       100%        6
 Simulacrum               Ice/Necr       0%         N/A       100%        6
 Starburst                Conj/Fire      0%         6d3       100%        6
 Statue Form              Tmut/Erth      0%         N/A       100%        6
 Haunt                    Necr/Summ      0%         N/A       100%        7
 Orb of Destruction       Conj           0%         N/A       100%        7
 Ozocubu's Refrigeration  Ice            0%         4d5       100%        7
 Spellforged Servitor     Conj/Summ      0%         N/A       100%        7
 Storm Form               Tmut/Air       0%         N/A       100%        7
 Summon Hydra             Summ           0%         N/A       100%        7
 Discord                  Hex            0%         N/A       100%        8
 Ignition                 Fire           0%         3d3       100%        8
 Maxwell's Capacitive Co  Air            0%         ∞         100%        8
 Necromutation            Tmut/Necr      0%         N/A       100%        8
 Summon Horrible Things   Summ           0%         N/A       100%        8
 Death's Door             Necr           0%         N/A       100%        9
 Shatter                  Erth           0%         3d5*      100%        9


Dungeon Overview and Level Annotations

Branches:
Dungeon (15/15)            Temple (0/1) D:7            Lair (6/6) D:9
  Swamp (4/4) Lair:3       Spider (4/4) Lair:2        Slime (0/5) Lair:5
    Orc (2/2) D:11            Elf (3/3) Orc:2        Vaults (5/5) D:13
  Crypt (3/3) Vaults:3       Tomb (0/3) Crypt:3      Depths (5/5) D:15
    Zot (5/5) Depths:5    Ossuary (visited)           IceCv (visited)

Altars:
Cheibriados
Dithmenos
Elyvilon
Fedhas
Gozag
Hepliaklqana
Kikubaaqudgha
Makhleb
Nemelex Xobeh
Okawaru
Vehumet
Yredelemnul
The Shining One
Jiyva

Shops:
D:3 (   D:9 !   Orc:1 [   Orc:2 *=([[   Elf:1 =:=*   Vaults:2 *:(=   Vaults:3 (
Vaults:5 !??!   Depths:1 !

Portals:
Hell: Depths:1 Depths:2 Depths:3 Depths:4 Depths:5
Abyss: Depths:4 Depths:5
Pandemonium: Depths:2 Depths:3 Depths:4
Ziggurat: Depths:4


Innate Abilities, Weirdness & Mutations

You have claws for hands.
You are completely covered in molten scales. (AC +4, rF+)
A meltable icy envelope protects you from harm. (AC +8)
When hurt, damage is shared between your health and your magic reserves.
You regenerate magic rapidly.
When low on magic, you restore magic in place of health.
Your melee attacks may debilitate your foes.
A meltable shield of frost defends you. (SH +4)
Your hexes are more powerful.
You are surrounded by an aura of silence.
You have a pair of small antennae on your head.
You are partially covered in large bone plates. (SH +4)
You tend to lose your temper in combat.
Armour fits poorly on your strangely shaped body.
You are weak. (Str -2)
Potions cannot restore your health.


Message History

You slash the great orb of eyes!
The Singing Sword makes a painfully high-pitched squeak.
You send a blast of sound all around you.
The great orb of eyes is blasted.
The great orb of eyes is moderately wounded.
The great orb of eyes looks weaker.
The great orb of eyes is moderately wounded.
You slice the great orb of eyes!!
The great orb of eyes is severely wounded.
You block the great orb of eyes's attack.
You hit the great orb of eyes.
The great orb of eyes is severely wounded.
You block the great orb of eyes's attack.
You hit the great orb of eyes.
The Singing Sword makes a painfully high-pitched squeak.
You send a blast of sound all around you.
The great orb of eyes is blasted.
You kill the great orb of eyes!
Makhleb accepts your kill.
There is a stone staircase leading up here.
You climb upwards.
There is a stone staircase leading down here.
(D) Dungeon (T) Temple (L) Lair (S) Swamp (N) Spider Nest (M) Slime Pits (O) Orcish Mines (E) Elven Halls (V) Vaults (C) Crypt (W) Tomb (U) Depths (H) Hell (Z) Zot
Where to? (Enter - D:1 @ (x,y), ? - help)
There is an open door here.
There is an open door here.
There is a stone staircase leading down here.
There is an open door here.
There is a staircase leading out of the dungeon here.
(D) Dungeon (T) Temple (L) Lair (S) Swamp (N) Spider Nest (M) Slime Pits (O) Orcish Mines (E) Elven Halls (V) Vaults (C) Crypt (W) Tomb (U) Depths (H) Hell (Z) Zot
Where to? (Enter - D:1 @ (x,y), ? - help)
Okay, then.
Unknown command.
You have escaped!

#...# ###...### ##########
#.......# #........#
####.......####.######.#
#.............#.#....#.####
#......⌠......'......#.....
#.............###.########.
####.......####...>........
#......@# #.#..#.######
###...### #.#..#.# #...#
#.#..#.###### #...#
#.#..#..).... ##'##
#.#.......... #.#
#.#.######... #.# #.#.#
#... #.#######.#.######.#.
#......##.#.....)#.#.


There were no monsters in sight!

Vanquished Creatures
  7 dread liches
  4 orbs of fire
  Mara (Vaults:4)
  Khufu (Crypt:2)
  Mennas (Depths:4)
  4 ancient liches
  2 royal mummies (Crypt:2)
  The ghost of Hynnuzim the Warrior, a veteran CeHu of the Shining One (Crypt:1)
  The ghost of Mazoqist the Conqueror, a veteran MiBe of Trog (Vaults:3)
  Sojobo (Vaults:4)
  Bai Suzhen (Swamp:4)
  Margery (Vaults:2)
  Saint Roka (Crypt:1)
  Frederick (Crypt:2)
  Xtahua (Crypt:1)
  4 Killer Klowns
  4 curse toes
  The ghost of ChodeyFoster420 the Executioner, an adept MiBe of Trog (Vaults:3)
  Jory (Crypt:2)
  8 golden dragons
  A profane servitor (Crypt:3)
  Nikola (Swamp:2)
  A bone dragon (Crypt:3)
  A Hell Sentinel (D:6)
  The ghost of SpeedRobin the Champion of Chaos, an adept DDFi of Makhleb (Vaults:3)
  Jorgrun (D:15)
  4 electric golems
  25 Orb Guardians (Zot:5)
  Asterion (Vaults:2)
  An Ice Fiend (IceCv)
  22 tentacled monstrosities
  4 liches
  3 deep elf blademasters (Elf:3)
  A titan (Vaults:5)
  8 quicksilver dragons
  The ghost of Buem the Warrior, an adept OgAM of Yredelemnul (Swamp:4)
  3 deep elf master archers (Elf:3)
  An acid blob (Depths:3)
  3 sphinxes
  12 storm dragons
  4 ancient champions
  7 death cobs
  10 tengu reavers
  4 thorn hunters
  8 shadow dragons
  Kirke (Swamp:2)
  4 azure jellies (Depths:3)
  A rockslime (Depths:3)
  Donald (Swamp:4)
  A revenant (Crypt:3)
  Roxanne (D:15)
  5 fire giants
  A blood saint (Zot:5)
  8 draconian knights
  9 frost giants
  7 draconian monks
  2 balrugs (Depths:4)
  8 deep elf sorcerers
  3 iron dragons
  23 vault wardens
  2 orc warlords
  8 ghost moths
  14 ghouls
  9 draconian scorchers
  9 draconian shifters
  2 curse skulls
  3 draconian stormcallers
  19 ironbound preservers
  2 reapers
  8 emperor scorpions
  4 draconian annihilators
  28 very ugly things
  A spriggan defender (Depths:2)
  4 war gargoyles
  3 deep elf elementalists (Elf:3)
  14 stone giants
  A black sun (Zot:5)
  18 green draconians
  10 vampire knights
  2 deep elf demonologists
  17 black draconians
  15 purple draconians
  6 deep elf annihilators (Elf:3)
  6 entropy weavers
  7 dire elephants
  Nessos (D:15)
  9 white draconians
  20 yellow draconians
  8 bunyips
  8 red draconians
  4 eleionomae
  2 merfolk javelineers
  8 deep elf death magi
  2 eidola
  18 ettins
  6 spark wasps
  20 jiangshi
  Snorg (Lair:5)
  11 fire dragons
  A green death (Depths:3)
  A deep elf high priest (Elf:1)
  2 crystal guardians (Vaults:4)
  15 yaktaur captains
  2 shambling mangroves (Swamp:4)
  38 hydras
  4 peacekeepers
  44 vault guards
  7 ice dragons
  10 ironbound thunderhulks
  Erolcha (D:12)
  6 spriggan air magi
  Harold (D:7)
  13 great orbs of eyes
  An ogre mage (Vaults:5)
  2 caustic shrike simulacra (IceCv)
  2 ghost crabs
  12 ironbound frosthearts
  6 rakshasas
  9 boulder beetles
  An anaconda (shapeshifter) (Vaults:2)
  11 alligators
  14 centaur warriors
  16 deep troll shamans
  5 tengu warriors
  The ghost of Jozx the Thaumaturge, a journeyman DECj of Vehumet (D:10)
  8 death knights
  29 dancing weapons
  A titan zombie (Crypt:3)
  13 vampire magi
  10 deep troll earth magi
  7 ironbound beastmasters
  7 two-headed ogres
  3 soul eaters
  9 spriggan berserkers
  6 hell knights (Vaults:2)
  3 orc high priests (Orc:2)
  5 sun demons
  2 titan skeletons
  10 iron trolls
  20 deep elf knights
  6 shadow wraiths
  3 flayed ghosts
  8 goliath frogs
  A sixfirhy (Zot:5)
  18 swamp dragons
  43 skeletal warriors
  A death drake (Swamp:4)
  5 glowing orange brains
  2 tengu zombies (Vaults:4)
  4 orange crystal statues (Orc:2)
  6 spriggan druids
  4 infernal demonspawn
  A glowing orange brain (shapeshifter) (Vaults:5)
  15 bog bodies
  14 deep elf archers
  A spectral hydra (Crypt:1)
  12 orc knights
  3 obsidian statues
  47 deep trolls
  14 phantasmal warriors
  10 wizards
  19 ironbound convokers
  6 harpies
  37 deep elf pyromancers
  8 necromancers
  6 lindwurms
  4 frost giant zombies (Crypt:2)
  2 human zombies (Vaults:4)
  62 ugly things
  6 orc sorcerers
  6 cyclopes
  A spectral ettin (Crypt:1)
  24 deep elf zephyrmancers
  13 orb spiders
  7 will-o-the-wisps
  A wolf spider zombie (Crypt:3)
  50 slime creatures
  39 wolf spiders
  4 manticores
  3 fire giant zombies (Crypt:2)
  A wolf spider (shapeshifter) (Vaults:1)
  6 elephants
  A spectral shock serpent (Crypt:1)
  28 moths of wrath
  Maurice (D:8)
  An ice statue (Swamp:3)
  An elephant (shapeshifter) (Depths:5)
  A toenail golem (D:15)
  14 vault sentinels
  10 black mambas
  3 molten gargoyles (Lair:6)
  3 gargoyles
  A human skeleton (Vaults:4)
  An unseen horror (D:11)
  A storm dragon simulacrum (Crypt:1)
  12 cane toads
  2 smoke demons
  3 rime drakes
  24 yaktaurs
  11 demonic crawlers
  2 orange demons
  A dire elephant skeleton (Crypt:2)
  2 kobold demonologists
  A redback zombie (Crypt:2)
  A black draconian skeleton (Crypt:1)
  An anaconda simulacrum (Crypt:1)
  An ice devil (IceCv)
  An efreet (D:12)
  A purple draconian skeleton (Crypt:1)
  11 komodo dragons
  9 freezing wraiths
  4 golden dragon simulacra (IceCv)
  A tengu conjurer (D:13)
  4 red devils (Depths:4)
  An elf skeleton (Vaults:4)
  A catoblepas skeleton (Crypt:1)
  A queen bee (Lair:2)
  4 trolls
  27 hornets
  A yellow draconian skeleton (Crypt:2)
  7 tyrant leeches
  6 polar bears
  A shadow dragon simulacrum (Crypt:1)
  A wind drake (shapeshifter) (Vaults:5)
  11 blink frogs
  A spectral swamp dragon (Crypt:1)
  54 jumping spiders
  A wolf spider simulacrum (Crypt:1)
  A sphinx simulacrum (Vaults:4)
  A blink frog (shapeshifter) (D:13)
  An ice dragon zombie (Crypt:1)
  12 dream sheep
  A frost giant simulacrum (Crypt:1)
  A raiju (Crypt:2)
  2 air elementals (Elf:2)
  13 spriggans
  59 flying skulls
  A human simulacrum (Vaults:4)
  A centaur simulacrum (D:14)
  113 redbacks
  3 small abominations (Crypt:3)
  3 shadows (Crypt:3)
  2 vampires
  38 tarantellas
  A redback (shapeshifter) (Vaults:5)
  7 wyverns
  81 yaks
  Grum (D:11)
  8 basilisks
  A fire elemental (Depths:3)
  4 hogs (Swamp:2)
  7 steam dragons
  A minotaur simulacrum (IceCv)
  9 wraiths
  3 golden eyes
  Edmund (D:5)
  A two-headed ogre zombie (D:11)
  8 vampire mosquitoes
  16 swamp worms
  A large abomination (Crypt:3)
  4 wargs
  14 hell hounds
  A merfolk zombie (Crypt:1)
  18 water moccasins
  2 hydra simulacra
  A monstrous demonspawn zombie (Crypt:2)
  Duvessa (D:5)
  8 swamp drakes
  29 orc warriors
  6 ettin simulacra
  3 sky beasts
  A black bear (Lair:2)
  An ice beast (D:7)
  7 necrophages
  24 wolves
  21 centaurs
  6 phantoms
  5 ogres
  Blork the orc (D:4)
  13 bullfrogs
  A deep troll simulacrum (IceCv)
  2 wyvern zombies (D:7)
  Dowan (D:5)
  4 earth elementals
  7 scorpions
  3 troll zombies (D:11)
  A wyvern skeleton (D:5)
  33 killer bees
  A spectral wolf (Crypt:2)
  A warg skeleton (Crypt:1)
  6 wights
  2 water moccasin skeletons
  A yak skeleton (Crypt:1)
  4 electric eels
  5 spriggan skeletons (D:11)
  A troll skeleton (D:11)
  A bullfrog zombie (D:5)
  8 howler monkeys
  5 lava snakes (Lair:6)
  4 jellies
  An elf simulacrum (Crypt:3)
  2 gnoll shamans (D:5)
  Crazy Yiuf (D:3)
  10 orc priests
  3 bullfrog skeletons
  A centaur skeleton (D:4)
  5 hounds
  A demonspawn skeleton (Crypt:1)
  4 iguanas
  13 orc wizards
  4 ogre zombies (D:11)
  A hound skeleton (D:4)
  9 mummies
  A howler monkey skeleton (D:5)
  A howler monkey zombie (D:7)
  18 gnolls
  14 adders
  A shadow imp (D:5)
  A white imp (D:8)
  2 ufetubi
  2 adder zombies (D:5)
  A halfling skeleton (Crypt:1)
  4 worms
  A barachi zombie (Crypt:2)
  A dart slug (D:4)
  54 orcs
  4 ball pythons
  13 bats
  8 endoplasms
  3 giant cockroaches
  5 goblins
  4 hobgoblins
  2 jackals (D:3)
  5 quokkas
  A dart slug zombie (Crypt:2)
  2 frilled lizards
  3 gnoll zombies (Ossuary)
  3 goblin zombies (D:11)
  6 hobgoblin zombies
  A jackal zombie (Crypt:2)
  9 kobolds
  A kobold zombie (Ossuary)
  20 orc zombies
  3 rats
  44 briar patches
2687 creatures vanquished.

Vanquished Creatures (collateral kills)
  3 spark wasps (Depths:1)
  2 hydras (Lair:1)
  A dancing weapon (Elf:3)
  A hell knight (Vaults:2)
  An ironbound convoker (Vaults:2)
  A basilisk (Lair:1)
  A wyvern (Lair:1)
  2 killer bees (D:8)
12 creatures vanquished.

Vanquished Creatures (others)
  A hell knight (Depths:2)
  A deep elf knight (Elf:2)
  A goliath frog (Swamp:3)
  A wizard (Vaults:3)
  3 deep elf zephyrmancers
  A deep elf pyromancer (Elf:1)
  A freezing wraith (Crypt:3)
  2 bloated husks (Swamp:3)
  A swamp worm (Swamp:3)
  A hell hound (Spider:2)
  An orc (Orc:2)
  50 foxfires
  70 fungi
  190 plants
  4 toadstools (D:7)
328 creatures vanquished.

Grand Total: 3027 creatures vanquished

Notes
Turn   | Place    | Note
-------+----------+-------------------------------------------
     0 | D:1      | Daunt the Demonspawn Gladiator began the quest for the Orb.
     0 | D:1      | Reached XP level 1. HP: 16/16 MP: 1/1
   273 | D:1      | Gained mutation: A meltable shield of frost defends you.
                  | (SH +4) [demonic ancestry]
   273 | D:1      | Reached XP level 2. HP: 23/23 MP: 2/2
   469 | D:1      | Found a faded altar of an unknown god.
   479 | D:1      | Became a worshipper of Makhleb the Destroyer
   479 | D:1      | Reached * piety under Makhleb
   634 | D:1      | Gained mutation: You have sharp fingernails. [demonic
                  | ancestry]
   634 | D:1      | Reached XP level 3. HP: 26/29 MP: 3/3
  1122 | D:2      | You fall into a shaft and drop 1 floor!
  1479 | D:3      | Found Woen's Antique Weapon Shop.
  1789 | D:2      | Reached skill level 1 in Stealth
  2171 | D:1      | Gained mutation: You are partially covered in molten
                  | scales. (AC +2) [demonic ancestry]
  2171 | D:1      | Reached XP level 4. HP: 33/37 MP: 4/4
  2568 | D:3      | Found a runed translucent door.
  2569 | D:3      | Noticed Crazy Yiuf
  2709 | D:3      | Reached ** piety under Makhleb
  2710 | D:3      | Gained mutation: A meltable icy envelope protects you from
                  | harm. (AC +8) [demonic ancestry]
  2710 | D:3      | Reached XP level 5. HP: 42/42 MP: 5/5
  2896 | D:3      | Killed Crazy Yiuf
  2897 | D:3      | Reached skill level 1 in Shields
  3147 | D:4      | Gained mutation: You have very sharp fingernails. [demonic
                  | ancestry]
  3147 | D:4      | Reached XP level 6. HP: 35/48 MP: 6/6
  3203 | D:4      | Noticed Blork the orc
  3207 | D:4      | Killed Blork the orc
  3308 | D:4      | Reached XP level 7. HP: 38/54 MP: 7/7
  3313 | D:4      | Reached skill level 5 in Shields
  3955 | D:5      | Entered Level 5 of the Dungeon
  3995 | D:5      | Noticed Duvessa
  3995 | D:5      | Noticed Dowan
  4004 | D:5      | Killed Duvessa
  4018 | D:5      | Killed Dowan
  4019 | D:5      | Reached XP level 8. HP: 29/60 MP: 8/8
  4211 | D:5      | Reached skill level 1 in Unarmed Combat
  4331 | D:5      | Found a snail-covered altar of Cheibriados.
  4571 | D:5      | Reached *** piety under Makhleb
  4823 | D:5      | Noticed Edmund
  4834 | D:5      | Killed Edmund
  4835 | D:5      | Reached skill level 5 in Unarmed Combat
  5117 | D:6      | Reached XP level 9. HP: 58/65 MP: 9/9
  5477 | D:6      | Found a sand-covered staircase.
  5496 | Ossuary  | Entered an ossuary
  5794 | D:6      | Reached **** piety under Makhleb
  5894 | D:6      | Reached skill level 5 in Invocations
  6529 | D:6      | Noticed a two-headed ogre
  6898 | D:7      | Found a staircase to the Ecumenical Temple.
  7346 | D:7      | Reached skill level 1 in Evocations
  7409 | D:7      | Gained mutation: You are mostly covered in molten scales.
                  | (AC +3) [demonic ancestry]
  7409 | D:7      | Reached XP level 10. HP: 67/72 MP: 13/13
  7498 | D:7      | Found the +7 Singing Sword {vorpal, sonic wave}
  7561 | D:7      | Noticed Harold
  8077 | D:7      | Found a blossoming altar of Fedhas.
  8185 | D:7      | Killed Harold
  8186 | D:7      | Reached skill level 1 in Long Blades
  8390 | D:8      | Noticed Maurice
  8473 | D:8      | Killed Maurice
  8492 | D:8      | Found an opulent altar of Gozag.
  8869 | D:8      | Noticed a two-headed ogre
  8880 | D:8      | Reached skill level 5 in Long Blades
  9593 | D:9      | Noticed an orange demon
  9823 | D:9      | Reached XP level 11. HP: 76/78 MP: 14/14
 10160 | D:9      | Found Dydevar's Distillery.
 10169 | D:9      | Bought a potion of heal wounds for 70 gold pieces
 10169 | D:9      | Bought 2 potions of haste for 280 gold pieces
 10203 | D:9      | Found a shadowy altar of Dithmenos.
 10207 | D:9      | Found a hazy altar of Hepliaklqana.
 10224 | D:9      | Found a basalt altar of Yredelemnul.
 10235 | D:9      | Found a radiant altar of Vehumet.
 10262 | D:9      | Found a staircase to the Lair.
 10296 | D:9      | Reached ***** piety under Makhleb
 10431 | D:9      | Found an iron altar of Okawaru.
 10447 | D:10     | Entered Level 10 of the Dungeon
 10529 | D:10     | Noticed a green ugly thing
 10532 | D:10     | Noticed a deep elf pyromancer
 10534 | D:10     | Noticed a purple ugly thing
 10536 | D:10     | Noticed a centaur warrior
 10574 | D:9      | Killed a centaur warrior
 10612 | D:10     | Found a runed translucent gate.
 10613 | D:10     | Found a runed translucent gate.
 10615 | D:10     | Found a runed translucent gate.
 10615 | D:10     | Noticed Jozx's ghost (journeyman DECj)
 10724 | D:10     | Reached skill level 10 in Long Blades
 10814 | D:10     | Noticed a two-headed ogre
 10861 | Lair:1   | Entered Level 1 of the Lair of Beasts
 11406 | Lair:1   | Gained mutation: You have claws for hands. [demonic
                  | ancestry]
 11406 | Lair:1   | Reached XP level 12. HP: 79/85 MP: 15/15
 11409 | Lair:1   | Noticed a six-headed hydra
 11444 | Lair:1   | Killed a six-headed hydra
 12100 | Lair:2   | Noticed a six-headed hydra
 12335 | Lair:1   | Killed a six-headed hydra
 12731 | Lair:2   | Got the Tome of Supportive Bewitchment
 12753 | Lair:2   | Found a hole to the Spider Nest.
 12894 | Lair:2   | Reached skill level 5 in Fighting
 12921 | Lair:2   | Reached skill level 1 in Armour
 13497 | Lair:3   | Noticed a boulder beetle
 13711 | Lair:3   | Killed a boulder beetle
 14230 | Lair:3   | Noticed a four-headed hydra
 14244 | Lair:3   | Killed a four-headed hydra
 14435 | Lair:3   | Gained mutation: You are completely covered in molten
                  | scales. (AC +4, rF+) [demonic ancestry]
 14435 | Lair:3   | Reached XP level 13. HP: 65/93 MP: 17/17
 14570 | Lair:3   | Found a staircase to the Swamp.
 15928 | Lair:5   | Noticed Snorg
 15937 | Lair:5   | Killed Snorg
 15938 | Lair:5   | Reached skill level 5 in Dodging
 16009 | Lair:5   | Reached ****** piety under Makhleb
 16227 | Lair:5   | Found a staircase to the Slime Pits.
 16227 | Lair:5   | Found a viscous altar of Jiyva.
 16612 | Lair:6   | Entered Level 6 of the Lair of Beasts
 16687 | Lair:6   | Reached skill level 5 in Armour
 16792 | Lair:6   | Gained mutation: You regenerate magic rapidly. [demonic
                  | ancestry]
 16792 | Lair:6   | Reached XP level 14. HP: 78/104 MP: 20/20
 16824 | Lair:6   | Found a large runed translucent door.
 16824 | Lair:6   | Found a large runed translucent door.
 18413 | D:10     | Found an ancient bone altar of Kikubaaqudgha.
 18533 | D:10     | Killed Jozx's ghost
 18773 | D:11     | You fall into a shaft and drop 1 floor!
 18936 | D:11     | Found a staircase to the Orcish Mines.
 19192 | D:11     | Noticed Grum
 19201 | D:11     | Killed Grum
 19754 | D:12     | Noticed Erolcha
 19802 | Orc:1    | Entered Level 1 of the Orcish Mines
 20335 | D:12     | Killed Erolcha
 20386 | D:12     | Gained mutation: A meltable icy envelope protects you from
                  | harm. (AC +8) [demonic ancestry]
 20386 | D:12     | Reached XP level 15. HP: 114/114 MP: 21/21
 21327 | D:13     | Found a gate to the Vaults.
 21634 | D:14     | Reached skill level 10 in Fighting
 21661 | D:14     | Reached skill level 15 in Long Blades
 21744 | D:14     | Reached skill level 5 in Evocations
 21805 | D:14     | You are sucked into a shaft and drop 1 floor!
 21805 | D:15     | Entered Level 15 of the Dungeon
 21806 | D:15     | Noticed Jorgrun
 21807 | D:15     | Noticed Roxanne
 21808 | D:15     | Noticed Nessos
 21843 | D:15     | Killed Jorgrun
 21954 | D:15     | Found an opulent altar of Gozag.
 22234 | D:15     | Found a staircase to the Depths.
 22234 | D:15     | Noticed a fire giant
 22509 | D:15     | Found a viscous altar of Jiyva.
 22553 | D:15     | Killed Nessos
 23117 | D:15     | Killed a fire giant
 23591 | D:15     | Killed Roxanne
 23817 | Orc:1    | Reached skill level 10 in Shields
 23850 | Orc:1    | Found Uttues's Armour Emporium.
 24095 | Orc:2    | Entered Level 2 of the Orcish Mines
 24244 | Orc:2    | Found a staircase to the Elven Halls.
 24292 | Orc:2    | Found the +10 tower shield of Ignorance {rN+ Int-4}
 24299 | Orc:2    | Found a runed translucent door.
 24334 | Orc:2    | Found a runed translucent door.
 24556 | Orc:2    | Reached XP level 16. HP: 120/122 MP: 22/22
 24570 | Orc:2    | Found Jaixt's Antique Weapon Shoppe.
 24570 | Orc:2    | Found Juts's Jewellery Shop.
 24574 | Orc:2    | Found Waockang's Antique Armour Shoppe.
 24574 | Orc:2    | Found Kavoy's Armour Shop.
 24641 | Orc:2    | Found Jevemp's General Store.
 24650 | Orc:2    | Bought a scroll of identify for 24 gold pieces
 24779 | Orc:2    | Bought a shimmering chain mail for 247 gold pieces
 24779 | Orc:2    | Identified the +1 chain mail of Baldness {Dex+2} (You
                  | bought it in a shop on level 2 of the Orcish Mines)
 24826 | Orc:1    | Bought the +7 Kryia's mail coat {PotionHeal*2 rC+} for 660
                  | gold pieces
 24826 | Orc:1    | Found the +7 Kryia's mail coat {PotionHeal*2 rC+}
 24849 | Orc:1    | Bought the +2 hood of the Assassin {Detection Stab+
                  | Stlth++} for 660 gold pieces
 24849 | Orc:1    | Found the +2 hood of the Assassin {Detection Stab+ Stlth++}
 25192 | Spider:1 | Entered Level 1 of the Spider Nest
 26499 | Spider:2 | Reached skill level 10 in Evocations
 27681 | Spider:3 | Reached skill level 5 in Stealth
 27681 | Spider:3 | Reached XP level 17. HP: 111/131 MP: 23/23
 28057 | Spider:4 | Entered Level 4 of the Spider Nest
 29549 | Spider:4 | Got a gossamer rune of Zot
 29848 | Swamp:1  | Entered Level 1 of the Swamp
 30068 | Vaults:1 | Entered Level 1 of the Vaults
 30840 | Lair:3   | Gained mutation: When hurt, damage is shared between your
                  | health and your magic reserves. [demonic ancestry]
 30840 | Lair:3   | Reached XP level 18. HP: 112/133 MP: 24/24
 30866 | Swamp:1  | Gained mutation: Your system is resistant to poisons.
                  | (rPois) [mutagenic glow]
 31488 | Swamp:2  | Noticed Kirke
 31515 | Swamp:2  | Killed Kirke
 31717 | Swamp:2  | Noticed Nikola
 32381 | Swamp:3  | Reached skill level 5 in Throwing
 32561 | Swamp:3  | Found a frozen archway.
 32583 | IceCv    | Entered an ice cave
 32877 | IceCv    | Noticed an Ice Fiend
 32883 | IceCv    | Killed an Ice Fiend
 32891 | IceCv    | Got Fegea's Handbook of the Snowflakes
 33164 | Swamp:3  | Identified a scroll of acquirement
 33165 | Swamp:3  | Acquired 769 gold pieces
 33432 | Orc:2    | Bought a +4 ring of slaying for 1404 gold pieces
 34228 | Swamp:4  | Entered Level 4 of the Swamp
 34958 | Swamp:4  | Found a transporter.
 34959 | Swamp:4  | Noticed Buem's ghost (adept OgAM)
 34977 | Swamp:4  | Noticed Donald
 34992 | Swamp:4  | Killed Donald
 35048 | Swamp:4  | Found a transporter.
 35058 | Swamp:4  | Gained mutation: Your hexes are more powerful. [demonic
                  | ancestry]
 35058 | Swamp:4  | Reached XP level 19. HP: 152/152 MP: 25/25
 35280 | Swamp:4  | Noticed Bai Suzhen
 35389 | Swamp:4  | Killed Bai Suzhen
 35390 | Swamp:4  | Reached skill level 10 in Throwing
 35987 | Swamp:4  | Reached skill level 15 in Shields
 36412 | Swamp:4  | Got a decaying rune of Zot
 39215 | Vaults:2 | Noticed Margery
 39231 | Vaults:2 | Killed Margery
 39232 | Vaults:2 | Reached XP level 20. HP: 157/159 MP: 24/26
 39347 | Vaults:2 | Found Poojon's Book Boutique.
 39490 | Vaults:2 | Noticed Asterion
 39508 | Vaults:2 | Identified the +7 halberd of Conscience {flame, Fragile
                  | +Rage rF+}
 39513 | Vaults:2 | Killed Asterion
 39514 | Vaults:2 | Reached skill level 10 in Armour
 39944 | Vaults:2 | Found Beto's Antique Weapon Emporium.
 40090 | Vaults:2 | Identified the +1 leather armour "Hule" {rC+ Will- MP+9}
 40338 | Vaults:2 | Found Ymahus's Assorted Antiques.
 40390 | Vaults:2 | Bought a scroll labelled TAOCIQON POOMU for 39 gold pieces
 40521 | Vaults:2 | Found Unugyed's Jewellery Shoppe.
 41036 | Vaults:3 | Noticed a golden dragon
 41159 | Vaults:3 | Found a runed translucent gate.
 41159 | Vaults:3 | Found a runed translucent gate.
 41159 | Vaults:3 | Found an ancient bone altar of Kikubaaqudgha.
 41159 | Vaults:3 | Noticed SpeedRobin's ghost (adept DDFi)
 41159 | Vaults:3 | Noticed an ancient lich
 41160 | Vaults:3 | Found a runed translucent gate.
 41160 | Vaults:3 | Noticed ChodeyFoster420's ghost (adept MiBe)
 41160 | Vaults:3 | Noticed Mazoqist's ghost (veteran MiBe)
 41529 | Vaults:3 | Found Nikhafry's Antique Weapon Shoppe.
 41675 | Vaults:3 | Found a staircase to the Crypt.
 41786 | Vaults:3 | Killed a golden dragon
 41792 | Vaults:3 | Reached XP level 21. HP: 165/165 MP: 27/27
 42464 | Vaults:4 | Noticed Sojobo
 42481 | Vaults:4 | Paralysed by an air elemental for 1 turns
 42483 | Vaults:4 | Paralysed by an air elemental for 1 turns
 42495 | Vaults:4 | Paralysed by an air elemental for 1 turns
 42500 | Vaults:4 | Paralysed by an air elemental for 1 turns
 42505 | Vaults:4 | Paralysed by an air elemental for 1 turns
 42509 | Vaults:4 | Paralysed by an air elemental for 1 turns
 43037 | Vaults:4 | Noticed Mara
 43479 | Vaults:4 | Paralysed by an air elemental for 1 turns
 43484 | Vaults:4 | Paralysed by an air elemental for 1 turns
 43487 | Vaults:4 | Paralysed by an air elemental for 1 turns
 43497 | Vaults:4 | Killed Sojobo
 43726 | Vaults:4 | Noticed a dread lich
 43790 | Vaults:4 | Killed a dread lich
 44178 | Vaults:4 | Noticed Daunt's illusion
 44184 | Vaults:4 | Killed Mara
 44431 | Depths:1 | Entered Level 1 of the Depths
 44530 | Depths:1 | Reached XP level 22. HP: 134/168 MP: 22/28
 45480 | Depths:1 | Found a gateway to Hell.
 45549 | Depths:1 | Found Ziripy's Distillery.
 45809 | Depths:1 | Found a shadowy altar of Dithmenos.
 46361 | Depths:2 | Reached skill level 15 in Fighting
 46435 | Depths:2 | Reached skill level 15 in Throwing
 46487 | Depths:1 | Bought a potion of resistance for 170 gold pieces
 46819 | Depths:2 | Reached skill level 10 in Stealth
 46865 | Depths:2 | Reached skill level 10 in Invocations
 47130 | Depths:2 | Lost intelligence.
 48743 | Depths:2 | Found a one-way gate leading to the halls of Pandemonium.
 49268 | Depths:3 | Gained mutation: Your melee attacks may debilitate your
                  | foes. [demonic ancestry]
 49268 | Depths:3 | Reached XP level 23. HP: 182/182 MP: 28/31
 49639 | Depths:3 | Found a transporter.
 49639 | Depths:3 | Found a transporter.
 49641 | Depths:3 | Found a viscous altar of Jiyva.
 50602 | Depths:3 | Identified the amulet "Nuuris" {rElec rC+ Regen+ Dex+3}
 50688 | Depths:4 | Noticed Mennas
 51372 | Depths:4 | Killed Mennas
 51535 | Depths:4 | Found a sparkling altar of Nemelex Xobeh.
 51861 | Depths:4 | Found a gateway to a ziggurat.
 51971 | Depths:4 | Found a one-way gate to the infinite horrors of the Abyss.
 52190 | Depths:5 | Entered Level 5 of the Depths
 52322 | Depths:5 | Found a hazy altar of Hepliaklqana.
 53042 | Depths:5 | Found a gate to the Realm of Zot.
 53456 | Crypt:1  | Entered Level 1 of the Crypt
 53586 | Crypt:1  | Noticed Saint Roka
 53602 | Crypt:1  | Killed Saint Roka
 53620 | Crypt:1  | Reached XP level 24. HP: 184/192 MP: 30/32
 53750 | Crypt:1  | Identified the +6 scale mail of Facos {rPois}
 53982 | Crypt:1  | Found a runed translucent gate.
 53982 | Crypt:1  | Found a runed translucent gate.
 53982 | Crypt:1  | Found a runed translucent gate.
 53991 | Crypt:1  | Noticed Hynnuzim's ghost (veteran CeHu)
 54041 | Crypt:1  | Killed Hynnuzim's ghost
 54420 | Crypt:2  | Noticed Frederick
 54469 | Crypt:1  | Reached skill level 15 in Evocations
 54568 | Crypt:2  | Noticed Xtahua
 54684 | Crypt:1  | Killed Xtahua
 55017 | Crypt:2  | Noticed Khufu
 55039 | Crypt:2  | Noticed a royal mummy
 55052 | Crypt:2  | Noticed a royal mummy
 55259 | Crypt:2  | Paralysed by a vampire knight for 2 turns
 55495 | Crypt:2  | Killed a royal mummy
 55601 | Crypt:2  | Killed Frederick
 55698 | Crypt:2  | Found a basalt altar of Yredelemnul.
 55703 | Crypt:2  | Identified the +6 quarterstaff of the Warrior {flame, rPois
                  | rN+ MP+9 Stlth+}
 55703 | Crypt:2  | Noticed Jory
 55735 | Crypt:2  | Killed Jory
 56191 | Crypt:2  | Found a basalt altar of Yredelemnul.
 57673 | Crypt:2  | Found a basalt altar of Yredelemnul.
 57814 | Crypt:2  | Killed Khufu
 57827 | Crypt:2  | Killed a royal mummy
 57847 | Crypt:3  | Entered Level 3 of the Crypt
 58036 | Crypt:3  | Found an ancient bone altar of Kikubaaqudgha.
 58155 | Crypt:3  | Reached XP level 25. HP: 203/203 MP: 33/33
 58194 | Crypt:3  | Reached skill level 15 in Armour
 58333 | Crypt:3  | Found the +8 storm bow {elec, penet}
 58404 | Crypt:3  | Found a staircase to the Tomb.
 58404 | Crypt:3  | Identified the +8 great sword of Indignation {vamp, rF+
                  | Will- rCorr Int+4 Dex+3}
 58654 | Crypt:3  | Identified the amulet "Wosorod" {*Corrode rElec rPois
                  | Regen+ Str+4}
 59176 | Elf:1    | Entered Level 1 of the Elven Halls
 59176 | Elf:1    | Found a runed translucent gate.
 59176 | Elf:1    | Found a runed translucent gate.
 59176 | Elf:1    | Found a runed translucent gate.
 59176 | Elf:1    | Found a runed translucent gate.
 59176 | Elf:1    | Found a runed translucent gate.
 59176 | Elf:1    | Found a runed translucent gate.
 59177 | Elf:1    | Found a runed translucent door.
 59186 | Elf:1    | Found a runed translucent door.
 59399 | Elf:1    | Found Zumanwaih's General Store.
 59583 | Elf:1    | Got Gichaown's Incunabulum of Creation
 59850 | Elf:1    | Found Coleta Puuv's Jewellery Emporium.
 59853 | Elf:1    | Found Dymp's Book Boutique.
 59862 | Elf:1    | Found Paadu's Jewellery Emporium.
 59870 | Elf:1    | Bought the ring "Vojaj" {Drain rC+ Will+++ EV+4 Dex+4} for
                  | 1088 gold pieces
 59976 | Elf:2    | Found a flickering gateway to a bazaar.
 60024 | Bazaar   | Entered a bazaar
 60037 | Bazaar   | Found Guosil's Antique Weapon Emporium.
 60048 | Bazaar   | Found Pidangao's Antique Weapon Shoppe.
 60063 | Bazaar   | Found Gouskoin's Antique Armour Shoppe.
 60075 | Bazaar   | Found Cud Vab's Antique Armour Emporium.
 60098 | Bazaar   | Bought shiny shadow dragon scales for 996 gold pieces
 60098 | Bazaar   | Bought a polished scale mail for 108 gold pieces
 60098 | Bazaar   | Identified the +7 scale mail "Anipodd" {Int+2} (You bought
                  | it in a shop in a bazaar)
 60108 | Bazaar   | Bought a garnet-encrusted scale mail for 171 gold pieces
 60108 | Bazaar   | Identified the +1 scale mail "Byiq" {Contam Will+ Str+2
                  | Int+3} (You bought it in a shop in a bazaar)
 60108 | Bazaar   | Bought a brightly glowing chain mail for 180 gold pieces
 60108 | Bazaar   | Identified the +1 chain mail "Bauhab" {+Blink rF+ Str-4
                  | Dex+7} (You bought it in a shop in a bazaar)
 60207 | Elf:2    | Paralysed by an air elemental for 1 turns
 60214 | Elf:2    | Paralysed by an air elemental for 1 turns
 60424 | Elf:2    | Found a runed translucent gate.
 60424 | Elf:2    | Found a runed translucent gate.
 60424 | Elf:2    | Found a runed translucent gate.
 60927 | Elf:3    | Entered Level 3 of the Elven Halls
 61651 | Elf:3    | Gained mutation: You are surrounded by an aura of silence.
                  | [demonic ancestry]
 61651 | Elf:3    | Reached XP level 26. HP: 209/213 MP: 31/33
 61742 | Elf:3    | Identified the +3 robe of the Ditch-Digger {Str+9 Int-4}
 61762 | Elf:3    | Identified the +4 chain mail "Etsiukan" {SInv}
 62828 | Swamp:2  | Killed Nikola
 63058 | Swamp:4  | Killed Buem's ghost
 63479 | Vaults:3 | Killed an ancient lich
 63488 | Vaults:3 | Killed SpeedRobin's ghost
 63510 | Vaults:3 | Killed Mazoqist's ghost
 63527 | Vaults:3 | Killed ChodeyFoster420's ghost
 63532 | Vaults:3 | Got Kikubaaqudgha's Compendium of Black Secrets
 63541 | Vaults:3 | Identified the +1 helmet of Vanity {rN+}
 63544 | Vaults:3 | Identified the ring of Caacausk {EV+4 Int+4 SInv}
 63627 | Vaults:5 | Entered Level 5 of the Vaults
 63721 | Vaults:5 | Noticed a dread lich
 63734 | Vaults:5 | Killed a dread lich
 63827 | Vaults:5 | Got the Handbook of Unholy Flight
 64124 | Vaults:5 | Reached skill level 10 in Dodging
 64285 | Vaults:5 | Noticed an ancient lich
 64297 | Vaults:5 | Killed an ancient lich
 64351 | Vaults:5 | Gained mutation: When low on magic, you restore magic in
                  | place of health. [demonic ancestry]
 64351 | Vaults:5 | Reached XP level 27. HP: 221/222 MP: 32/33
 64355 | Vaults:5 | Noticed an ancient lich
 64366 | Vaults:5 | Killed an ancient lich
 64513 | Vaults:5 | Found Biaz's Distillery.
 64523 | Vaults:5 | Bought a potion of might for 68 gold pieces
 64523 | Vaults:5 | Bought a potion of might for 68 gold pieces
 64534 | Vaults:5 | Found Boorhy's Magic Scroll Shoppe.
 64538 | Vaults:5 | Found Fostaega's Distillery.
 64539 | Vaults:5 | Bought a scroll of enchant armour for 165 gold pieces
 64547 | Vaults:5 | Got a silver rune of Zot
 64562 | Vaults:5 | Bought a potion of heal wounds for 60 gold pieces
 64562 | Vaults:5 | Bought a potion of haste for 120 gold pieces
 64606 | Vaults:5 | Found Fiduoqoj's Magic Scroll Shoppe.
 64611 | Vaults:5 | Bought a scroll of fear for 52 gold pieces
 64611 | Vaults:5 | Bought a scroll of blinking for 112 gold pieces
 64711 | Vaults:5 | Found the +8 demon blade "Leech" {vamp, *Rage +Rage rN+}
 65271 | Orc:2    | Bought a faintly humming scale mail for 234 gold pieces
 65271 | Orc:2    | Identified the +4 scale mail of Poor Excuses {Slay+2} (You
                  | bought it in a shop on level 2 of the Orcish Mines)
 65859 | Zot:1    | Entered Level 1 of the Realm of Zot
 66995 | Zot:2    | Reached skill level 15 in Invocations
 67137 | Zot:2    | Acquired 779 gold pieces
 67823 | Zot:2    | Noticed an orb of fire
 67972 | Zot:2    | Gained mutation: You are partially covered in large bone
                  | plates. (SH +4) [an orb of fire]
 67979 | Zot:2    | Gained mutation: You are clumsy. (Dex -2) [an orb of fire]
 67981 | Zot:2    | Gained mutation: You tend to lose your temper in combat.
                  | [an orb of fire]
 67986 | Zot:2    | Gained mutation: You are weak. (Str -2) [an orb of fire]
 67989 | Zot:2    | Gained mutation: Your spells are a little easier to cast,
                  | but a little less powerful. [an orb of fire]
 67992 | Zot:2    | Gained mutation: Your body sometimes deteriorates upon
                  | taking damage. [an orb of fire]
 67998 | Zot:2    | Killed an orb of fire
 69684 | Zot:5    | Entered Level 5 of the Realm of Zot
 70216 | Zot:5    | Noticed a dread lich
 70226 | Zot:5    | Killed a dread lich
 70316 | Zot:5    | Noticed an ancient lich
 70323 | Zot:5    | Noticed a dread lich
 70333 | Zot:5    | Killed an ancient lich
 70341 | Zot:5    | Killed a dread lich
 70434 | Zot:5    | Noticed a dread lich
 70442 | Zot:5    | Killed a dread lich
 70483 | Zot:5    | Noticed an orb of fire
 70488 | Zot:5    | Gained mutation: You sometimes lose the ability to read
                  | scrolls when taking damage. [an orb of fire]
 70510 | Zot:5    | Lost mutation: Your body sometimes deteriorates upon taking
                  | damage. [potion of mutation]
 70510 | Zot:5    | Lost mutation: You sometimes lose the ability to read
                  | scrolls when taking damage. [potion of mutation]
 70510 | Zot:5    | Gained mutation: You are strong-willed. (Will+) [potion of
                  | mutation]
 70510 | Zot:5    | Gained mutation: You are dopey. (Int -2) [potion of
                  | mutation]
 70648 | Zot:5    | Gained mutation: Potions are less effective at restoring
                  | your health. [an orb of fire]
 70657 | Zot:5    | Killed an orb of fire
 70817 | Zot:5    | Noticed an orb of fire
 70837 | Zot:5    | Killed an orb of fire
 70840 | Zot:5    | Noticed a dread lich
 70841 | Zot:5    | Noticed an orb of fire
 70849 | Zot:5    | Noticed a dread lich
 70853 | Zot:5    | Killed a dread lich
 70854 | Zot:5    | Gained mutation: Potions cannot restore your health. [an
                  | orb of fire]
 70856 | Zot:5    | Gained mutation: You occasionally shout uncontrollably at
                  | your foes. [an orb of fire]
 70857 | Zot:5    | Gained mutation: Armour fits poorly on your strangely
                  | shaped body. [an orb of fire]
 70867 | Zot:5    | Killed an orb of fire
 70870 | Zot:5    | Killed a dread lich
 70924 | Zot:5    | Lost mutation: Your system is resistant to poisons. (rPois)
                  | [potion of mutation]
 70924 | Zot:5    | Lost mutation: You are dopey. (Int -2) [potion of mutation]
 70924 | Zot:5    | Gained mutation: You often lose your temper in combat.
                  | [potion of mutation]
 70925 | Zot:5    | Lost mutation: You are strong-willed. (Will+) [potion of
                  | mutation]
 70925 | Zot:5    | Lost mutation: Your spells are a little easier to cast, but
                  | a little less powerful. [potion of mutation]
 70925 | Zot:5    | Lost mutation: You are clumsy. (Dex -2) [potion of
                  | mutation]
 70925 | Zot:5    | Gained mutation: You are agile. (Dex +2) [potion of
                  | mutation]
 71095 | Zot:5    | Got the Orb of Zot
 71184 | Zot:5    | Lost mutation: You are agile. (Dex +2) [potion of mutation]
 71184 | Zot:5    | Lost mutation: You occasionally shout uncontrollably at
                  | your foes. [potion of mutation]
 71184 | Zot:5    | Lost mutation: You often lose your temper in combat.
                  | [potion of mutation]
 71184 | Zot:5    | Gained mutation: You have a pair of small antennae on your
                  | head. [potion of mutation]
 71800 | D:2      | Noticed Gecuhodgh the pandemonium lord
 71887 | D:$      | Escaped with the Orb!

Illustrated notes

Levels and vault maps discovered:
D:1:      minmay_arrival_cross, layout_basic, dreamdust_ecumenical_altar_statues
D:2:      layout_basic
D:3:      layout_basic, serial_shops, shop, corexii_corridor_pit,
          uniq_crazy_yiuf_cottage
D:4:      layout_rooms, minmay_pentomino_pile, uniq_blork_the_orc
D:5:      layout_basic, mainiacjoe_overflow_catwalk, minmay_bent, uniq_edmund,
          uniq_duvessa
D:6:      layout_cave_pools, enter_ossuary_2, roderic_serpentine_path,
          st_stairs_14, lightli_corner_chamber
D:7:      old_forge, layout_loops_corners, kennysheep_little_box,
          minmay_temple_entry_offerings, minmay_gold_behind_fungi, uniq_harold
D:8:      layout_basic, mainiacjoe_overflow_surrounded_room, uniq_maurice
D:9:      layout_rooms, minmay_overflow_temple_star_hex, marbit_many_paths,
          david_lair_generic, serial_shops, shop, minmay_chambers_of_fives
D:10:     layout_loops_ring, mainiacjoe_overflow_alcove_1,
          ebering_ghost_rock_garden, minmay_diamond_spiral
D:11:     layout_stronghold, zombieorc2_lemuel, hangedman_tell_no_tales,
          uniq_grum
D:12:     layout_basic, serial_corexii_hall, corexii_hall_statues_l,
          corexii_hall_statues_x, chequers_hall_statues_corner_a,
          corexii_hall_statues_u, uniq_erolcha
D:13:     layout_roguey, grunt_vaults_entry_fortified, grunt_ministairs_1
D:14:     layout_big_octagon, hangedman_decor_peaks_small
D:15:     grunt_enter_depths_giant_problem, layout_cave_pods,
          nicolae_gozag_cash_rules_everything_around_me, jiyva_altar_1,
          uniq_jorgrun, uniq_nessos, uniq_roxanne
Lair:1:   layout_gridlike, beast_lair_carwin_1
Lair:2:   layout_roguey [special_room_bee], nicolae_spider_entry_non_spiders,
          infiniplex_staircase_pool, grunt_megastairs_5, serial_bayou_shore_a,
          lemuel_fruit_tree
Lair:3:   layout_cave_pods, nicolae_swamp_entry_splash_gauntlet
Lair:4:   layout_concentric_octagons, serial_bayou_shore_b
Lair:5:   layout_roguey, slime_altar_1, uniq_snorg
Lair:6:   cheibrodos_lair_end_hotspot, layout_cave_pods, serial_bayou,
          serial_bayou_pond_a, serial_bayou_pond_e, serial_bayou_lagoon_a,
          serial_bayou_shore_b, serial_bayou_crossing, serial_bayou_pond_e,
          st_stairs_5, columned_hall_lemuel, eino_small_chamber_without_monster
Swamp:1:  layout_basic_swamp, nicolae_swamp_well_well_well, st_swamp_mini
Swamp:2:  layout_falls_marsh, evilmike_swamp_ruin_house_2,
          infiniplex_staircase_pool_2, uniq_nikola, uniq_kirke
Swamp:3:  layout_basic_swamp, portal_ice_cave_entry_ice_statue_one,
          nicolae_swamp_orc_logging_accident
Swamp:4:  swamp_basic_johnstein, layout_basic_swamp, gammafunk_ghost_arena,
          swamp_pool2, uniq_donald, uniq_bai_suzhen
Spider:1: layout_spider_delve
Spider:2: layout_spider_delve, beargit_elvish_explorers
Spider:3: layout_chambers
Spider:4: guppyfry_spider_rune, spiders_nest_spider_trap
Orc:1:    layout_caves, serial_shops, shop
Orc:2:    grunt_orc_tribal_feast, layout_diamond_mine, serial_shops,
          nicolae_lakefront_shop, special_room,
          chequers_guarded_unrand_ignorance
Elf:1:    nicolae_elf_arrival_dilemma, layout_rooms, serial_shops, shop_coins,
          minmay_elf_demonology, minmay_shop_grove
Elf:2:    nicolae_elf_blades_splatter_lattice [nicolae_blade_bullseye],
          layout_geoelf_octagon, serial_shops, bzr_in_the_mist,
          kilobyte_rumbling_trees
Elf:3:    minmay_elf_hall, layout_onion_city, ebering_dispersal_statue_hall,
          nicolae_elf_glass_and_crystal_pillar_2
Vaults:1: nicolae_vaults_know_your_exits, nicolae_vaults_big_ls,
          vaults_room_octagon, vaults_mumra_chevron_long,
          ontoclasm_vaults_claustrophobia, dpeg_vaults_monster_row,
          nicolae_vaults_theta, layout_vaults_omnigrid
Vaults:2: nicolae_vaults_quadrants, v_misc_18, v_pattern_2,
          nicolae_vaults_alarming, vaults_room_ringed_pool, v_misc_15,
          ontoclasm_vaults_tryst, v_alt_pattern_2, ontoclasm_vaults_gateway,
          vaults_dpeg_hooks, dpeg_vaults_monster_box, layout_vaults_ring,
          serial_shops, shop_statue, shop, shop_coins, shop_statue,
          uniq_asterion, uniq_margery
Vaults:3: gammafunk_vaults_ghost_crypt, v_rooms_2,
          nicolae_vaults_twisting_passages, vaults_room_fancy_cross,
          nicolae_vaults_three_branches, grunt_vaults_bifocal,
          vaults_standard_mumra_lines, blue_anna_dwarven_crypt,
          vaults_room_grunt_arrival_ludios, nicolae_vaults_border_crossing,
          layout_vaults_chaotic_city, serial_shops, shop
Vaults:4: nicolae_vaults_disjoint_gnomons, nicolae_vaults_little_squares_4,
          nicolae_vaults_mini_display_case, v_misc_30, hangedman_vaults_maws,
          v_pattern_1, v_misc_22, st_hourglassy, v_misc_5, v_misc_24,
          layout_vaults_omnicross, uniq_mara, uniq_sojobo
Vaults:5: serial_shops
Crypt:1:  layout_gridlike, gammafunk_ghost_necromancy,
          serial_sigils_hangedman_carve, uniq_saint_roka
Crypt:2:  lemuel_vampire_tower, layout_chaotic_city, uniq_xtahua, uniq_khufu,
          uniq_frederick
Crypt:3:  grunt_crypt_end_deaths_head
Depths:1: layout_gridlike, hangedman_geh_valley, kennysheep_nondescript,
          serial_shops, nicolae_take_the_stairs, nicolae_dithmenos_the_darkroom
Depths:2: minmay_the_grid_square_5x5_4x4
          [minmay_the_grid_square_5x5_pentomino_r,
          minmay_the_grid_square_5x5_eight, minmay_the_grid_square_5x5_two,
          minmay_the_grid_square_5x5_comb, minmay_the_grid_square_5x5_dogpile,
          minmay_the_grid_square_5x5_prize_monsterx,
          minmay_the_grid_square_5x5_prize_rear_guard,
          minmay_the_grid_square_5x5_almost_minimal,
          minmay_the_grid_square_5x5_hourglass,
          minmay_the_grid_square_5x5_prize_itemx,
          minmay_the_grid_square_5x5_prize_deathbox,
          minmay_the_grid_square_5x5_beaten_path, minmay_the_grid_square_5x5_n,
          minmay_the_grid_square_5x5_spiral_small,
          minmay_the_grid_square_5x5_detours, minmay_the_grid_square_5x5_bite],
          layout_twisted_cross, rand_demon_pan_entry_9, hell_entry,
          chequers_serial_rivers_micro_c, infiniplex_staircase_pool_1,
          firewood_loft
Depths:3: gammafunk_jiyva_shrine, layout_gridlike, serial_bayou_pond_c,
          hell_entry, rand_demon_pan_entry_5, drop_trap,
          infiniplex_staircase_pillars_3a
Depths:4: kennysheep_ambush_hall, layout_gridlike, enter_ziggurat_e,
          kennysheep_minor_cross, hell_entry, pan_entry, abyss_entry_glasseish,
          hangedman_decor_lopped, nemelex_diamond_rough_becter, uniq_mennas
Depths:5: grunt_twist_and_shout, layout_long_grid, hell_entry,
          abyss_entry_crystal, nicolae_elyvilon_temple_path,
          chequers_serial_rivers_small_3, nicolae_hepliaklqana_hazy_memory
Zot:1:    layout_gridlike, hangedman_zot_diagonal_lockstep, st_stairs_5
Zot:2:    layout_cathedral_of_symmetry, grunt_megastairs_1
Zot:3:    layout_misc_corridors
Zot:4:    layout_gridlike
Zot:5:    layout_cathedral_of_symmetry, st_stairs_4

Skill      XL: |  1  2  3  4  5  6  7  8  9 10 11 12 13 14 15 16 17 18 19 20 21 22 23 24 25 26 27 |
---------------+----------------------------------------------------------------------------------+-----
Fighting       | 3 4 6 7 9 11 13 14 15 16 17 18 19 22 | 22.0
Stealth        | 1 3 5 7 8 9 10 11 | 11.7
Shields        | 3 4 7 8 10 12 14 15 16 17 18 19 20 22 | 22.6
Unarmed Combat | 6 9 |  9.2
Invocations    | 5 6 9 10 12 13 14 16 | 16.0
Evocations     | 1 2 3 5 11 12 13 14 16 17 18 20 | 20.0
Long Blades    | 7 11 13 14 15 16 17 18 | 18.9
Dodging        | 4 6 7 8 10 13 | 13.6
Armour         | 2 5 7 8 9 12 14 16 17 | 17.1
Throwing       | 9 12 13 14 15 16 | 16.0
Maces & Flails | |  2.6

Action                   |  1- 3 |  4- 6 |  7- 9 | 10-12 | 13-15 | 16-18 | 19-21 | 22-24 | 25-27 || total
-------------------------+-------+-------+-------+-------+-------+-------+-------+-------+-------++-------
Melee: Flail             |   125 |    55 |       |       |       |       |       |       |       ||   180
       Quarterstaff      |       |    66 |   383 |       |       |       |       |       |       ||   449
       Unarmed           |       |       |    97 |   576 |     2 |       |       |       |       ||   675
       Double sword      |       |       |       |   187 |   738 |  1126 |  1100 |  1791 |  2237 ||  7179
       Scimitar          |       |       |       |       |    75 |    31 |    63 |     7 |       ||   176
 Fire: Hunting sling     |       |       |       |     4 |    17 |       |       |       |       ||    21
Throw: Dart              |     7 |     5 |    13 |     7 |    14 |    59 |    59 |    30 |       ||   194
       Boomerang         |       |       |     2 |     9 |       |    32 |    46 |    12 |       ||   101
Invok: Minor Destruction |       |       |     6 |    46 |    16 |    10 |     1 |     1 |     4 ||    84
       Lesser Servant of |       |       |       |     7 |     1 |     2 |     5 |     1 |       ||    16
       Major Destruction |       |       |       |     1 |     6 |     1 |     3 |     4 |       ||    15
       Greater Servant o |       |       |       |       |       |       |     1 |     4 |     1 ||     6
 Abil: Evoke Invisibilit |       |       |       |       |       |     8 |     1 |     2 |     2 ||    13
Evoke: Wand              |       |       |       |     9 |       |       |       |       |     1 ||    10
       Condenser vane    |       |       |       |       |     1 |       |     2 |     1 |     1 ||     5
       Tin of tremorston |       |       |       |       |       |       |     1 |       |     1 ||     2
       Box of beasts     |       |       |       |       |       |       |       |       |     3 ||     3
       Lightning rod     |       |       |       |       |       |       |       |       |     2 ||     2
       Phial of floods   |       |       |       |       |       |       |       |       |     1 ||     1
  Use: Scroll            |       |     3 |     9 |     8 |     8 |     6 |     2 |    12 |     9 ||    57
       Potion            |       |       |       |     6 |     4 |     3 |     2 |     8 |    10 ||    33
 Stab: Sleeping          |     1 |     1 |     6 |     1 |     7 |    17 |    14 |     2 |       ||    49
       Distracted        |       |     1 |       |     3 |       |     4 |     3 |     3 |     1 ||    15
       Confused          |       |       |     1 |       |       |       |       |       |       ||     1
       Invisible         |       |       |       |       |       |    27 |     3 |     3 |     3 ||    36
Armor: Leather armour    |    42 |    29 |   163 |   152 |    27 |       |       |       |       ||   413
       Skin              |       |       |       |    80 |       |       |       |       |       ||    80
       Troll leather arm |       |       |       |       |   186 |       |       |       |       ||   186
       Swamp dragon scal |       |       |       |       |       |   249 |       |       |       ||   249
       Scale mail        |       |       |       |       |       |   161 |   359 |   230 |       ||   750
       Gold dragon scale |       |       |       |       |       |       |       |   443 |   700 ||  1143
Dodge: Dodged            |    82 |    63 |   201 |   149 |   254 |   411 |   258 |   308 |   369 ||  2095
Block: Other             |    20 |    52 |   178 |       |       |       |       |       |       ||   250
       Reflection        |       |       |     2 |     8 |    71 |    16 |     9 |       |       ||   106
       Kite shield       |       |       |    62 |   733 |   728 |  1068 |       |   107 |       ||  2698
       Tower shield      |       |       |       |       |       |   200 |  1519 |  2352 |  2905 ||  6976
       Rpst.: Double sword |       |       |       |     9 |    52 |    73 |    35 |    49 |    38 ||   256
       Scimitar          |       |       |       |       |     2 |       |     4 |       |       ||     6
